 Seeded DCSS version 0.30.1-4-g462c640d31 (webtiles) character file.

Game seed: 6351066067085065685 (custom seed)

2252 Esekla the Thaumaturge (level 9, -7/45 HPs)
             Began as a Deep Elf Necromancer on Aug 19, 2023.
             Was a Believer of Vehumet.
             Mangled by a wight
             ... wielding a +4 scimitar
              (8 damage)
             ... on level 7 of the Dungeon.
             The game lasted 00:41:59 (6178 turns).

Esekla the Thaumaturge (Deep Elf Necromancer)       Turns: 6178, Time: 00:41:59

Health: -7/45      AC:  4    Str:  5    XL:     9   Next: 15%
Magic:  25/25      EV: 15    Int: 25    God:    Vehumet [**....]
Gold:   375        SH:  0    Dex: 18    Spells: 16/28 levels left

rFire   . . .        s - +5 rapier of the Hero {heavy, rN+ Dex+3}
rCold   . . .        (no shield)
rNeg    + . .        p - +0 robe
rPois   .            k - +0 helmet
rElec   .            (no cloak)
rCorr   .            h - +0 pair of gloves
SInv    .            (no boots)
Will    .....        g - amulet of magic regeneration
Stlth   +++          (no ring)
HPRegen 0.27/turn    (no ring)
MPRegen 0.59/turn

%: no passive effects
@: no status effects
A: no striking features
a: Renounce Religion


You were on level 7 of the Dungeon.
You worshipped Vehumet.
Vehumet was pleased with you.
You visited 1 branch of the dungeon, and saw 7 of its levels.

You collected 375 gold pieces.

Inventory:

Hand Weapons
 a - a +2 vampiric dagger
 c - a +0 scimitar
 r - a +4 trident of venom
 s - the +5 rapier of the Hero (weapon) {heavy, rN+ Dex+3}
   (You found it on level 3 of the Dungeon)

   Dex:       It affects your dexterity (+3).
   rN:        It protects you from negative energy.
Missiles
 w - 15 poisoned darts (quivered)
Armour
 h - a +0 pair of gloves (worn)
 k - a +0 helmet (worn)
 p - a +0 robe (worn)
Jewellery
 g - an amulet of magic regeneration (around neck)
Wands
 C - a wand of flame (13)
 D - a wand of roots (22)
Scrolls
 e - 2 scrolls of fear
 f - 8 scrolls of identify {unknown}
 m - 2 scrolls of amnesia {unknown}
 o - a scroll of immolation {unknown}
 t - 2 scrolls of fog {unknown}
 v - a scroll of enchant armour {unknown}
 x - 2 scrolls of blinking {unknown}
 y - 3 scrolls of enchant weapon {unknown}
 z - a scroll of silence {unknown}
 A - a scroll of magic mapping {unknown}
 E - a scroll of teleportation {unknown}
Potions
 b - a potion of magic
 d - 3 potions of ambrosia {unknown}
 i - 5 potions of curing
 j - a potion of mutation {unknown}
 l - 6 potions of attraction {unknown}
 n - 2 potions of heal wounds {unknown}
 q - 2 potions of haste {unknown}
 u - 3 potions of brilliance {unknown}
 B - a potion of lignification {unknown}


   Skills:
 + Level 4.0 Short Blades
 + Level 1.6 Throwing
 * Level 6.3 Dodging
 + Level 5.1 Stealth
 * Level 10.4 Spellcasting
 + Level 8.1 Necromancy
 + Level 0.9 Translocations
 + Level 0.3 Evocations


You had 16 spell levels left.
You knew the following spells:

 Your Spells              Type           Power      Damage    Failure   Level
a - Necrotise             Necr           100%       1d9       1%          1
b - Shock                 Conj/Air       52%        1d6       4%          1
c - Momentum Strike       Conj/Tloc      30%        3d8       6%          2
d - Vampiric Draining     Necr           52%        2d9       1%          3
e - Static Discharge      Conj/Air       26%        2-4/arc   7%          2
t - Teleport Other        Tloc           17%        N/A       10%         3

Your spell library contained the following spells:

 Spells                   Type           Power      Damage    Failure   Level
 Animate Dead             Necr           52%        N/A       1%          4
 Lesser Beckoning         Tloc           34%        N/A       4%          2
 Agony                    Necr           52%        N/A       4%          5
 Gell's Gravitas          Tloc           17%        N/A       10%         3
 Spider Form              Tmut/Pois      13%        N/A       14%         3
 Cause Fear               Hex            6%         N/A       43%         4
 Summon Mana Viper        Hex/Summ       13%        N/A       78%         5


Dungeon Overview and Level Annotations

Branches:
Dungeon (7/15)             Temple (0/1) D:6

Altars:
Dithmenos
Fedhas
Hepliaklqana
Okawaru
Qazlal
Trog
Vehumet
Zin
The Shining One

Shops:
D:2 =   D:4 (

Annotations:
D:7 Joseph


Message History

The poisoned dart barely misses the ogre.
The poisoned dart hits the wight.
Throw: 17 darts (poison)
Press: ? - help, Q - select action, (/) - cycle Shift-Dir - straight line, f/p - ogre
Aim: an ogre, wielding a +0 giant club (lightly wounded, poisoned, 75% to hit)
You throw a poisoned dart. The poisoned dart hits the ogre.
The ogre looks even sicker.
The ogre is lightly wounded.
Throw: 16 darts (poison)
Press: ? - help, Q - select action, (/) - cycle Shift-Dir - straight line, f/p - ogre
Aim: an ogre, wielding a +0 giant club (lightly wounded, very poisoned, 75% to hit)
You throw a poisoned dart. The poisoned dart hits the ogre.
The ogre looks even sicker.
The ogre is lightly wounded.
You puncture the ogre!
The ogre is severely wounded.
The ogre hits you with a +0 giant club!!
Casting: Vampiric Draining (safe; 1% risk of failure)
Confirm with . or Enter, or press ? or * to list all spells.
Aiming: Vampiric Draining (safe; 1% risk of failure)
Press: ? - help, Shift-Dir - straight line, f/p - ogre
Aim: an ogre, wielding a +0 giant club (almost dead, very poisoned)
You draw life force from the ogre!
You kill the ogre!
Vehumet accepts your kill.
You feel life coursing into your body.
You barely miss the wight. The wight hits you with a +4 scimitar!
You puncture the wight! Your punch misses the wight.
The wight is heavily damaged.
The wight hits you with a +4 scimitar!
* * * LOW HITPOINT WARNING * * *
The wight misses you.
You closely miss the wight.
The wight is heavily damaged.
The wight hits you with a +4 scimitar!
* * * LOW HITPOINT WARNING * * *
You closely miss the wight.
The wight is heavily damaged.
The wight barely misses you. The wight hits you with a +4 scimitar!
You die...

#####
....#############################
....'....(((.((z@................
...z#.(..#################'######
##+##....# #####.........
#..##....# #(..'........#
#.###....###########.###.........
#.# #.............##)# ########..
#.# #.....#######.##)# #.... ..#
#####.#<....#.##.# #.#.. ...
##.##.#..#.##.###### #....


You could see a wight.

Vanquished Creatures
  Pikel (D:6)
  An ice beast (D:5)
  A sky beast (D:6)
  2 black bears
  2 ogres
  A centaur (D:7)
  A phantom (D:7)
  Blork the orc (D:5)
  A kobold brigand (D:6)
  A gnoll sergeant (D:7)
  A bullfrog (D:7)
  2 scorpions (D:5)
  A gnoll bouda (D:3)
  5 hounds
  A jelly (D:6)
  A sleepcap (D:5)
  5 iguanas
  15 gnolls
  8 adders
  3 white imps
  An ufetubus (D:6)
  A worm (D:4)
  3 dart slugs
  11 orcs
  6 ball pythons
  4 endoplasms
  8 goblins
  5 hobgoblins
  A quokka (D:1)
  4 bats
  4 frilled lizards
  12 kobolds
  A rat (D:1)
115 creatures vanquished.

Notes
Turn   | Place    | Note
-------+----------+-------------------------------------------
     0 | D:1      | Esekla the Deep Elf Necromancer began the quest for the
                  | Orb.
     0 | D:1      | Reached XP level 1. HP: 10/10 MP: 6/6
   232 | D:4      | Found an iron altar of Okawaru.
   244 | D:4      | Found a glowing silver altar of Zin.
   257 | D:4      | You fall into a shaft and drop 1 floor!
   257 | D:5      | Entered Level 5 of the Dungeon
   273 | D:5      | Found a shadowy altar of Dithmenos.
   312 | D:5      | Noticed an iguana
   429 | D:4      | Found a radiant altar of Vehumet.
   433 | D:4      | Became a worshipper of Vehumet
   488 | D:3      | Reached skill level 5 in Necromancy
   586 | D:3      | Reached XP level 2. HP: 15/15 MP: 8/8
   816 | D:3      | Identified the +5 rapier of the Hero {heavy, rN+ Dex+3}
   834 | D:2      | Found Renulab's Jewellery Shop.
  1082 | D:3      | Found a stormy altar of Qazlal.
  1226 | D:3      | Reached XP level 3. HP: 11/19 MP: 10/10
  1230 | D:3      | Learned a level 3 spell: Vampiric Draining
  1274 | D:3      | Found a hazy altar of Hepliaklqana.
  1274 | D:3      | Found a bloodstained altar of Trog.
  1648 | D:1      | Reached XP level 4. HP: 24/24 MP: 11/11
  1671 | D:1      | Reached * piety under Vehumet
  1671 | D:1      | Offered knowledge of Shock by Vehumet.
  1675 | D:1      | Learned a level 1 spell: Shock
  2051 | D:2      | Reached skill level 1 in Short Blades
  2140 | D:2      | Reached skill level 4 in Spellcasting
  2156 | D:2      | Found a faded altar of an unknown god.
  2183 | D:2      | Reached XP level 5. HP: 16/28 MP: 9/13
  2238 | D:2      | Noticed a black bear
  2462 | D:2      | Killed a black bear
  2665 | D:4      | Found Ponaysk's Antique Weapon Boutique.
  2800 | D:4      | Found a glowing golden altar of the Shining One.
  2872 | D:3      | Reached XP level 6. HP: 25/32 MP: 8/15
  3097 | D:4      | Noticed an ice beast
  3333 | D:3      | Reached skill level 5 in Spellcasting
  3554 | D:4      | Learned a level 3 spell: Teleport Other
  3767 | D:5      | Got the Parchment of the Lumpy Olives
  4175 | D:5      | Reached ** piety under Vehumet
  4175 | D:5      | Offered knowledge of Momentum Strike by Vehumet.
  4176 | D:5      | Reached XP level 7. HP: 36/36 MP: 17/17
  4237 | D:5      | Reached skill level 6 in Spellcasting
  4360 | D:5      | Learned a level 2 spell: Momentum Strike
  4560 | D:5      | Reached skill level 1 in Throwing
  4599 | D:5      | Reached skill level 5 in Dodging
  4712 | D:6      | Noticed Pikel
  4735 | D:6      | Noticed Blork the orc
  4754 | D:5      | Killed Blork the orc
  4755 | D:5      | Reached skill level 7 in Spellcasting
  4901 | D:6      | Reached XP level 8. HP: 41/41 MP: 19/21
  4951 | D:6      | Found a blossoming altar of Fedhas.
  4988 | D:6      | Reached skill level 8 in Spellcasting
  5127 | D:6      | Found a staircase to the Ecumenical Temple.
  5348 | D:6      | Killed Pikel
  5349 | D:6      | Reached skill level 9 in Spellcasting
  5520 | D:6      | Reached skill level 5 in Stealth
  5819 | D:7      | Offered knowledge of Static Discharge by Vehumet.
  5838 | D:7      | Reached skill level 10 in Spellcasting
  5857 | D:7      | Learned a level 2 spell: Static Discharge
  5915 | D:7      | Reached XP level 9. HP: 36/45 MP: 20/25
  6143 | D:7      | Noticed Joseph
  6177 | D:7      | HP: 1/45 [wight/+4 scimitar (10)]
  6178 | D:7      | Mangled by a wight

Illustrated notes

Levels and vault maps discovered:
D:1:      sevenhm_arrival_forest_fort_small_3, layout_rooms,
          chequers_serial_rivers_room_b, minmay_misc_feat_five
D:2:      layout_loops_ring, dreamdust_ecumenical_altar_angels_and_demons,
          serial_shops, shop
D:3:      layout_basic, grunt_temple_overflow_open, minmay_misc_feat_iff
D:4:      layout_basic, nicolae_overflow_quartered_altars, serial_shops,
          nicolae_diamond_shop
D:5:      layout_loops_ring, lemuel_doored_altar, minmay_misc_feat_rows,
          dreamdust_wishing_well
D:6:      layout_loops_cross, fedhas_altar_fruit_tree,
          minmay_temple_entry_glass, uniq_pikel, uniq_blork_the_orc
D:7:      layout_basic, uniq_menkaure, uniq_joseph, uniq_crazy_yiuf_cottage

Skill      XL: |  1  2  3  4  5  6  7  8  9 |
---------------+----------------------------+-----
Necromancy     | 5 6 7 8 |  8.1
Dodging        | 3 4 5 6 |  6.3
Stealth        | 3 4 5 |  5.1
Short Blades   | 1 2 3 4 |  4.0
Spellcasting   | 4 5 7 10 | 10.4
Throwing       | 1 |  1.6
Translocations | |  0.9
Evocations     | |  0.3

Action                     |  1- 3 |  4- 6 |  7- 9 || total
---------------------------+-------+-------+-------++-------
  Melee: Short sword       |    31 |       |       ||    31
         Unarmed           |     9 |       |       ||     9
         Dagger            |    50 |   144 |   155 ||   349
         Rapier            |     2 |       |    12 ||    14
         Punch             |     1 |       |     3 ||     4
  Throw: Dart              |       |    20 |    18 ||    38
   Cast: Vampiric Draining |     4 |    22 |    41 ||    67
         Teleport Other    |       |       |     4 ||     4
  Evoke: Wand              |       |       |     2 ||     2
    Use: Scroll            |       |     1 |       ||     1
         Potion            |       |       |     1 ||     1
   Stab: Sleeping          |     4 |     3 |    10 ||    17
 Armour: Robe              |    16 |    21 |    29 ||    66
  Dodge: Dodged            |    50 |    77 |   129 ||   256
